| TOP OF THE 1ST |
|
Chicago (APP) Cubs batting - Pitching for Missoula Osprey : RHP Alex Andrade
|
|
Pitching: RHP Alex Andrade
|
|
|
Batting: RHB Randy Schmitt
|
0-0: Ball 1-0: Called Strike 1-1: Foul Ball, location: 2F 1-2: Ball 2-2: Fly out, F9 (Flyball, 9LS, EV 89.4 MPH)
|
|
Batting: RHB Tak-keung Chieu
|
0-0: Called Strike 0-1: Foul Ball, location: 2F 0-2: Ball 1-2: Strikes out looking
|
|
Batting: RHB Jake Mitchell
|
0-0: Called Strike 0-1: Ball 1-1: Foul Ball, location: 2F 1-2: Ball 2-2: Strikes out swinging
|
| Top of the 1st over - 0 runs, 0 hits, 0 errors, 0 left on base; Chicago (APP) 0 - Missoula 0 |
| BOTTOM OF THE 1ST |
|
Missoula Osprey batting - Pitching for Chicago (APP) Cubs : RHP Carlos Zavala
|
|
Pitching: RHP Carlos Zavala
|
|
|
Batting: RHB Ernesto Zamora
|
0-0: Reached on error, E6 (Groundball, 6, EV 100.0 MPH)
|
|
Batting: RHB Paul Schreiber
|
0-0: Ball 1-0: Called Strike 1-1: Ball 2-1: Called Strike 2-2: Ball 3-2: 2-RUN HOME RUN (Flyball, 7D, EV 92.5 MPH), Distance : 348 ft
|
|
Batting: SHB Evan Armagost
|
0-0: Foul Ball, location: 2F 0-1: Called Strike 0-2: Ball 1-2: Foul Ball, location: 2F 1-2: Foul Ball, location: 2F 1-2: Ball 2-2: Foul Ball, location: 2F 2-2: Ball 3-2: Fly out, F7 (Line Drive, 7D, EV 105.6 MPH)
|
|
Batting: SHB Blaine Peters
|
0-0: Ball 1-0: Ball 2-0: Foul Ball, location: 2F 2-1: SINGLE (Line Drive, 34, EV 105.0 MPH)
|
|
Pitching: RHP Rob Craft
|
|
|
Batting: LHB Enrique Ponce
|
0-0: Ball 1-0: Ball 2-0: Called Strike 2-1: Ball 3-1: Base on Balls Blaine Peters to second
|
|
Batting: RHB Antonio Luisa
|
0-0: Called Strike 0-1: Ball 1-1: SINGLE (Groundball, 4MS, EV 81.9 MPH) (infield hit) Blaine Peters to third Enrique Ponce to second
|
|
Batting: LHB Jeff Harmon
|
0-0: Called Strike 0-1: GRAND SLAM HOME RUN (Flyball, 89XD, EV 98.8 MPH), Distance : 395 ft
|
|
Batting: SHB Ed Vargas
|
0-0: Called Strike 0-1: Ball 1-1: DOUBLE (Line Drive, 7LM, EV 104.4 MPH)
|
|
Batting: RHB Sergio Manzanero
|
0-0: SINGLE (Groundball, 34D, EV 95.0 MPH) Ed Vargas to third
|
|
Batting: RHB Ernesto Zamora
|
0-0: Called Strike 0-1: Ball 1-1: Ball 2-1: SINGLE (Groundball, 56, EV 99.4 MPH) Ed Vargas scores Sergio Manzanero to second
|
|
Pitching: LHP Eddie Panagos
|
|
|
Batting: RHB Paul Schreiber
|
0-0: Called Strike 0-1: Foul Ball, location: 2F 0-2: SINGLE (Groundball, 56D, EV 95.6 MPH) Sergio Manzanero to third Ernesto Zamora to second
|
|
Batting: SHB Evan Armagost
|
0-0: Called Strike 0-1: Foul Ball, location: 2F 0-2: Ball 1-2: Foul Ball, location: 2F 1-2: Ball 2-2: Ball 3-2: Base on Balls Sergio Manzanero scores Ernesto Zamora to third Paul Schreiber to second
|
|
Batting: SHB Blaine Peters
|
0-0: Ball Wild Pitch! Ernesto Zamora scores Paul Schreiber to third Evan Armagost to second 1-0: Reached on error, E6 (Groundball, 6, EV 91.2 MPH) Paul Schreiber scores Evan Armagost to third
|
|
Batting: LHB Enrique Ponce
|
0-0: Ball 1-0: Called Strike 1-1: Foul Ball, location: 2F 1-2: SINGLE (Groundball, 34D, EV 98.1 MPH) Evan Armagost scores Blaine Peters to second
|
|
Batting: RHB Antonio Luisa
|
0-0: Ball 1-0: Ball 2-0: SINGLE (Groundball, 56D, EV 98.1 MPH) Blaine Peters to third Enrique Ponce to second Throwing error, E7 Blaine Peters scores Enrique Ponce to third Antonio Luisa to second
|
|
Pitching: RHP Ryan Masterson
|
|
|
Batting: LHB Jeff Harmon
|
0-0: Foul Ball, location: 2F 0-1: Foul Ball, location: 2F 0-2: Ball 1-2: Ball 2-2: Ball 3-2: Strikes out swinging
|
|
Batting: SHB Ed Vargas
|
0-0: Ball 1-0: Ball Wild Pitch! Enrique Ponce scores Antonio Luisa to third 2-0: Ball 3-0: Called Strike 3-1: Swinging Strike 3-2: Base on Balls
|
|
Batting: RHB Sergio Manzanero
|
0-0: Called Strike 0-1: Ball 1-1: Ball 2-1: Foul Ball, location: 2F 2-2: Foul Ball, location: 2F 2-2: Ball 3-2: Foul Ball, location: 2F 3-2: Base on Balls Ed Vargas to second
|
|
Pitching: LHP Neal Brody
|
|
|
Batting: RHB Ernesto Zamora
|
0-0: Ball 1-0: DOUBLE (Flyball, 78D, EV 103.8 MPH) Antonio Luisa scores Ed Vargas scores Sergio Manzanero to third Runner from 3rd tries for Home, SAFE, no throw by LF
|
|
Batting: RHB Paul Schreiber
|
0-0: Ball 1-0: Called Strike 1-1: Ball 2-1: Ball 3-1: Base on Balls
|
|
Batting: SHB Evan Armagost
|
0-0: Ball 1-0: Swinging Strike 1-1: Ball 2-1: Ball 3-1: Base on Balls Ernesto Zamora to third Paul Schreiber to second
|
|
Batting: SHB Blaine Peters
|
0-0: Ball 1-0: Foul Ball, location: 2F 1-1: Ground out U3 (Groundball, 3S, EV 84.4 MPH)
|
| Bottom of the 1st over - 16 runs, 11 hits, 3 errors, 3 left on base; Chicago (APP) 0 - Missoula 16 |
| TOP OF THE 2ND |
|
Chicago (APP) Cubs batting - Pitching for Missoula Osprey : RHP Alex Andrade
|
|
Batting: SHB Andrew Baron
|
0-0: Ball 1-0: Ground out 5-3 (Groundball, 5, EV 85.6 MPH)
|
|
Batting: RHB Julio Arteaga
|
0-0: Ball 1-0: Ball 2-0: Ball 3-0: Called Strike 3-1: SINGLE (Line Drive, 4M, EV 101.9 MPH)
|
|
Batting: RHB Jake Newman
|
0-0: Ball 1-0: Foul Ball, location: 2F 1-1: Foul Ball, location: 2F 1-2: Ball 2-2: Strikes out swinging
|
|
Batting: RHB Dwight Bean
|
0-0: Ball 1-0: Foul Ball, location: 2F 1-1: Hit by Pitch Julio Arteaga to second
|
|
Batting: LHB Arnaldo Cardamenho
|
0-0: Swinging Strike 0-1: Ball 1-1: Ground out 4-3 (Groundball, 4, EV 80.0 MPH)
|
| Top of the 2nd over - 0 runs, 1 hit, 0 errors, 2 left on base; Chicago (APP) 0 - Missoula 16 |
| BOTTOM OF THE 2ND |
|
Missoula Osprey batting - Pitching for Chicago (APP) Cubs : LHP Neal Brody
|
|
Batting: LHB Enrique Ponce
|
0-0: Ball 1-0: Ball 2-0: Ball 3-0: Called Strike 3-1: Called Strike 3-2: Base on Balls
|
|
Pitching: RHP Karl Stuart
|
|
|
Batting: RHB Antonio Luisa
|
0-0: Ball 1-0: Ball 2-0: Ball 3-0: Called Strike 3-1: Foul Ball, location: 2F 3-2: Strikes out swinging
|
|
Batting: LHB Jeff Harmon
|
0-0: Called Strike 0-1: Ball 1-1: Ball 2-1: SINGLE (Line Drive, 56D, EV 97.5 MPH) Enrique Ponce to second
|
|
Batting: SHB Ed Vargas
|
0-0: Foul Ball, location: 2F 0-1: Ball Wild Pitch! Enrique Ponce to third Jeff Harmon to second 1-1: Foul Ball, location: 2F 1-2: DOUBLE (Line Drive, 9LM, EV 106.2 MPH) Enrique Ponce scores Jeff Harmon scores
|
|
Batting: RHB Sergio Manzanero
|
0-0: Swinging Strike 0-1: Foul Ball, location: 2F 0-2: Ball 1-2: Strikes out swinging
|
|
Pitching: RHP Dustin Buckner
|
|
|
Batting: RHB Ernesto Zamora
|
0-0: Called Strike 0-1: Foul Ball, location: 2F 0-2: Fly out, F9 (Flyball, 89M, EV 80.0 MPH)
|
| Bottom of the 2nd over - 2 runs, 2 hits, 0 errors, 1 left on base; Chicago (APP) 0 - Missoula 18 |
| TOP OF THE 3RD |
|
Chicago (APP) Cubs batting - Pitching for Missoula Osprey : RHP Alex Andrade
|
|
Batting: RHB Josh MacQueen
|
0-0: Ball 1-0: Ball 2-0: Called Strike 2-1: Ground out 6-3 (Groundball, 6, EV 90.0 MPH)
|
|
Batting: RHB Randy Schmitt
|
0-0: Ball 1-0: Foul Ball, location: 2F 1-1: Foul Ball, location: 2F 1-2: Foul Ball, location: 2F 1-2: Ball 2-2: Ground out 1-3 (Groundball, 13S, EV 72.5 MPH)
|
|
Batting: RHB Tak-keung Chieu
|
0-0: Ball 1-0: Called Strike 1-1: Ball 2-1: Foul Ball, location: 2F 2-2: Strikes out swinging
|
| Top of the 3rd over - 0 runs, 0 hits, 0 errors, 0 left on base; Chicago (APP) 0 - Missoula 18 |
| BOTTOM OF THE 3RD |
|
Missoula Osprey batting - Pitching for Chicago (APP) Cubs : RHP Dustin Buckner
|
|
Batting: RHB Paul Schreiber
|
0-0: Called Strike 0-1: Swinging Strike 0-2: Ball 1-2: SOLO HOME RUN (Flyball, 7D, EV 95.0 MPH), Distance : 347 ft
|
|
Batting: SHB Evan Armagost
|
0-0: Ball 1-0: Swinging Strike 1-1: Ball 2-1: Foul Ball, location: 2F 2-2: Foul Ball, location: 2F 2-2: Ground out 6-3 (Groundball, 6, EV 89.4 MPH)
|
|
Batting: SHB Blaine Peters
|
0-0: Called Strike 0-1: SINGLE (Line Drive, 6M, EV 97.5 MPH)
|
|
Batting: LHB Enrique Ponce
|
0-0: Foul Ball, location: 2F 0-1: Ball 1-1: Ball 2-1: Ball 3-1: Base on Balls Blaine Peters to second
|
|
Batting: RHB Antonio Luisa
|
0-0: Called Strike 0-1: Ball 1-1: Called Strike 1-2: Fly out, F7 (Line Drive, 7, EV 108.1 MPH)
|
|
Batting: LHB Jeff Harmon
|
0-0: Foul Ball, location: 2F 0-1: Ball 1-1: Ball 2-1: SINGLE (Line Drive, 56D, EV 107.5 MPH) Blaine Peters to third Enrique Ponce to second Runner from 3rd tries for Home, SAFE, throw by LF to home
|
|
Batting: SHB Ed Vargas
|
0-0: SINGLE (Groundball, P, EV 96.2 MPH) Enrique Ponce to third Jeff Harmon to second Runner from 3rd tries for Home, throw by CF and OUT! 8-2
|
| Bottom of the 3rd over - 2 runs, 4 hits, 0 errors, 2 left on base; Chicago (APP) 0 - Missoula 20 |
| TOP OF THE 4TH |
|
Chicago (APP) Cubs batting - Pitching for Missoula Osprey : RHP Alex Andrade
|
|
Batting: RHB Jake Mitchell
|
0-0: Called Strike 0-1: Ball 1-1: Called Strike 1-2: Ball 2-2: Strikes out looking
|
|
Batting: SHB Andrew Baron
|
0-0: Swinging Strike 0-1: Swinging Strike 0-2: Ball 1-2: Foul Ball, location: 2F 1-2: Foul Ball, location: 2F 1-2: Ground out 1-3 (Groundball, 15S, EV 68.1 MPH)
|
|
Batting: RHB Julio Arteaga
|
0-0: Called Strike 0-1: Ball 1-1: Called Strike 1-2: Ground out U3 (Groundball, 3S, EV 68.1 MPH)
|
| Top of the 4th over - 0 runs, 0 hits, 0 errors, 0 left on base; Chicago (APP) 0 - Missoula 20 |
| BOTTOM OF THE 4TH |
|
Missoula Osprey batting - Pitching for Chicago (APP) Cubs : RHP Dustin Buckner
|
|
Batting: RHB Sergio Manzanero
|
0-0: Ball 1-0: Ball 2-0: Ball 3-0: Called Strike 3-1: Fly out, F8 (Flyball, 8LXD, EV 95.0 MPH)
|
|
Batting: RHB Ernesto Zamora
|
0-0: Swinging Strike 0-1: Swinging Strike 0-2: Fly out, F9 (Flyball, 9S, EV 86.9 MPH)
|
|
Batting: RHB Paul Schreiber
|
0-0: Ball 1-0: Ball 2-0: Ball 3-0: Base on Balls
|
|
Batting: SHB Evan Armagost
|
0-0: Ball 1-0: Foul Ball, location: 2F 1-1: Ball 2-1: Foul Ball, location: 2F 2-2: Strikes out looking
|
| Bottom of the 4th over - 0 runs, 0 hits, 0 errors, 1 left on base; Chicago (APP) 0 - Missoula 20 |
| TOP OF THE 5TH |
|
Chicago (APP) Cubs batting - Pitching for Missoula Osprey : RHP Alex Andrade
|
|
Pitching: RHP Jaden Peterson
|
|
|
Batting: RHB Jake Newman
|
0-0: Ball 1-0: Fly out, F3 (Line Drive, 3, EV 65.6 MPH)
|
|
Batting: RHB Dwight Bean
|
0-0: Called Strike 0-1: Ball 1-1: Ball 2-1: Swinging Strike 2-2: Strikes out swinging
|
|
Batting: LHB Arnaldo Cardamenho
|
0-0: Called Strike 0-1: Foul Ball, location: 2F 0-2: Strikes out swinging
|
| Top of the 5th over - 0 runs, 0 hits, 0 errors, 0 left on base; Chicago (APP) 0 - Missoula 20 |
| BOTTOM OF THE 5TH |
|
Missoula Osprey batting - Pitching for Chicago (APP) Cubs : RHP Dustin Buckner
|
|
Batting: SHB Blaine Peters
|
0-0: Called Strike 0-1: Ball 1-1: Foul Ball, location: 2F 1-2: Ball 2-2: Ball 3-2: SINGLE (Groundball, 34D, EV 94.4 MPH)
|
|
Batting: LHB Enrique Ponce
|
0-0: Foul Ball, location: 2F 0-1: 2-RUN HOME RUN (Flyball, 9D, EV 96.2 MPH), Distance : 353 ft
|
|
Batting: RHB Antonio Luisa
|
0-0: Swinging Strike 0-1: Called Strike 0-2: Fly out, F3 (Popup, 3F, EV 66.2 MPH)
|
|
Batting: LHB Jeff Harmon
|
0-0: Ground out 5-3 (Groundball, 56, EV 93.8 MPH)
|
|
Batting: SHB Ed Vargas
|
0-0: Foul Ball, location: 2F 0-1: Fly out, F5 (Popup, 6S, EV 75.0 MPH)
|
| Bottom of the 5th over - 2 runs, 2 hits, 0 errors, 0 left on base; Chicago (APP) 0 - Missoula 22 |
| TOP OF THE 6TH |
|
Chicago (APP) Cubs batting - Pitching for Missoula Osprey : RHP Jaden Peterson
|
|
Batting: RHB Josh MacQueen
|
0-0: Swinging Strike 0-1: Ball 1-1: Foul Ball, location: 2F 1-2: Strikes out swinging
|
|
Batting: RHB Randy Schmitt
|
0-0: Called Strike 0-1: Fly out, F6 (Popup, 15, EV 81.9 MPH)
|
|
Batting: RHB Tak-keung Chieu
|
0-0: Called Strike 0-1: Swinging Strike 0-2: Ball 1-2: Ball 2-2: Ball 3-2: Strikes out looking
|
| Top of the 6th over - 0 runs, 0 hits, 0 errors, 0 left on base; Chicago (APP) 0 - Missoula 22 |
| BOTTOM OF THE 6TH |
|
Missoula Osprey batting - Pitching for Chicago (APP) Cubs : RHP Dustin Buckner
|
|
Batting: RHB Sergio Manzanero
|
0-0: Called Strike 0-1: Ball 1-1: Ball 2-1: Ball 3-1: Called Strike 3-2: Base on Balls
|
|
Batting: RHB Ernesto Zamora
|
0-0: Ball 1-0: Called Strike 1-1: SINGLE (Flyball, 34D, EV 88.8 MPH) Sergio Manzanero to second
|
|
Batting: RHB Paul Schreiber
|
0-0: Ball 1-0: Ball 2-0: Ball 3-0: Base on Balls Sergio Manzanero to third Ernesto Zamora to second
|
|
Batting: SHB Evan Armagost
|
0-0: Called Strike 0-1: Ball 1-1: Swinging Strike 1-2: Strikes out swinging
|
|
Batting: SHB Blaine Peters
|
0-0: Ball 1-0: Ball 2-0: Ball 3-0: Base on Balls Sergio Manzanero scores Ernesto Zamora to third Paul Schreiber to second
|
|
Batting: LHB Enrique Ponce
|
0-0: Foul Ball, location: 2F 0-1: Foul Ball, location: 2F 0-2: Fly out, F2 (Popup, 15S, EV 87.5 MPH)
|
|
Batting: RHB Antonio Luisa
|
0-0: Ball 1-0: Ball 2-0: Ball 3-0: Called Strike 3-1: Foul Ball, location: 2F 3-2: Foul Ball, location: 2F 3-2: Ground out 5-3 (Groundball, 56S, EV 73.1 MPH)
|
| Bottom of the 6th over - 1 run, 1 hit, 0 errors, 3 left on base; Chicago (APP) 0 - Missoula 23 |
| TOP OF THE 7TH |
|
Chicago (APP) Cubs batting - Pitching for Missoula Osprey : RHP Jaden Peterson
|
|
Batting: RHB Jake Mitchell
|
0-0: Ball 1-0: Foul Ball, location: 2F 1-1: Called Strike 1-2: Ball 2-2: Ground out 6-3 (Groundball, 6, EV 102.5 MPH)
|
|
Batting: SHB Andrew Baron
|
0-0: Foul Ball, location: 2F 0-1: SINGLE (Groundball, 6D, EV 95.6 MPH)
|
|
Pitching: LHP Heath Henderson
|
|
|
Batting: RHB Julio Arteaga
|
0-0: Ball 1-0: Foul Ball, location: 2F 1-1: Foul Ball, location: 2F 1-2: Ball 2-2: Foul Ball, location: 2F 2-2: Strikes out swinging
|
|
Batting: RHB Jake Newman
|
0-0: Called Strike 0-1: Swinging Strike 0-2: Ball 1-2: Strikes out looking
|
| Top of the 7th over - 0 runs, 1 hit, 0 errors, 1 left on base; Chicago (APP) 0 - Missoula 23 |
| BOTTOM OF THE 7TH |
|
Missoula Osprey batting - Pitching for Chicago (APP) Cubs : RHP Dustin Buckner
|
|
Batting: LHB Jeff Harmon
|
0-0: Called Strike 0-1: Ball 1-1: Swinging Strike 1-2: Foul Ball, location: 2F 1-2: Foul Ball, location: 2F 1-2: Strikes out swinging
|
|
Pinch Hitting: RHB Hyeok Shon
|
0-0: Called Strike 0-1: Called Strike 0-2: Foul Ball, location: 2F 0-2: Ball 1-2: Strikes out swinging
|
|
Pinch Hitting: RHB Edwin Romero
|
0-0: Ball 1-0: Ball 2-0: Ground out 5-3 (Groundball, 56, EV 106.2 MPH)
|
| Bottom of the 7th over - 0 runs, 0 hits, 0 errors, 0 left on base; Chicago (APP) 0 - Missoula 23 |
| TOP OF THE 8TH |
|
Chicago (APP) Cubs batting - Pitching for Missoula Osprey : LHP Heath Henderson
|
|
Now at 2B: Ernesto Zamora
|
|
|
Now at 3B: Nate Neumann
|
|
|
Now at SS: Edwin Romero
|
|
|
Batting: RHB Dwight Bean
|
0-0: Swinging Strike 0-1: Foul Ball, location: 2F 0-2: Strikes out swinging
|
|
Batting: LHB Arnaldo Cardamenho
|
0-0: Foul Ball, location: 2F 0-1: Called Strike 0-2: Strikes out looking
|
|
Batting: RHB Josh MacQueen
|
0-0: Ball 1-0: Swinging Strike 1-1: Ball 2-1: Swinging Strike 2-2: Foul Ball, location: 2F 2-2: Strikes out looking
|
| Top of the 8th over - 0 runs, 0 hits, 0 errors, 0 left on base; Chicago (APP) 0 - Missoula 23 |
| BOTTOM OF THE 8TH |
|
Missoula Osprey batting - Pitching for Chicago (APP) Cubs : RHP Dustin Buckner
|
|
Batting: RHB Ernesto Zamora
|
0-0: Ball 1-0: Ball 2-0: Ball 3-0: Called Strike 3-1: Foul Ball, location: 2F 3-2: Strikes out swinging
|
|
Pinch Hitting: RHB Steve Machol
|
0-0: Ground out 6-3 (Groundball, 6, EV 89.4 MPH)
|
|
Batting: SHB Evan Armagost
|
0-0: Foul Ball, location: 2F 0-1: Ball 1-1: Ball 2-1: Foul Ball, location: 2F 2-2: Ball 3-2: Foul Ball, location: 2F 3-2: SINGLE (Groundball, 4M, EV 98.8 MPH) (infield hit)
|
|
Batting: SHB Blaine Peters
|
0-0: Ball 1-0: Called Strike 1-1: Ball 2-1: Ball 3-1: Base on Balls Evan Armagost to second
|
|
Batting: LHB Enrique Ponce
|
0-0: Foul Ball, location: 2F 0-1: Foul Ball, location: 2F 0-2: Ball 1-2: DOUBLE (Flyball, 89XD, EV 93.1 MPH) Evan Armagost scores Blaine Peters to third
|
|
Pinch Hitting: RHB Chad Mendoza
|
0-0: SINGLE (Line Drive, 6D, EV 95.0 MPH) Blaine Peters scores Enrique Ponce to third
|
|
Batting: LHB Jeff Harmon
|
0-0: SINGLE (Groundball, 4D, EV 96.9 MPH) Enrique Ponce scores Chad Mendoza to second
|
|
Batting: SHB Nate Neumann
|
0-0: Called Strike 0-1: Called Strike 0-2: Ground out 3-1 (Groundball, 34S, EV 68.1 MPH)
|
| Bottom of the 8th over - 3 runs, 4 hits, 0 errors, 2 left on base; Chicago (APP) 0 - Missoula 26 |
| TOP OF THE 9TH |
|
Chicago (APP) Cubs batting - Pitching for Missoula Osprey : LHP Heath Henderson
|
|
Now at 1B: Chad Mendoza
|
|
|
Now in RF: Steve Machol
|
|
|
Batting: RHB Randy Schmitt
|
0-0: Ball 1-0: Called Strike 1-1: Ball 2-1: Foul Ball, location: 2F 2-2: Ball 3-2: Strikes out swinging
|
|
Batting: RHB Tak-keung Chieu
|
0-0: Called Strike 0-1: Called Strike 0-2: Strikes out swinging
|
|
Batting: RHB Jake Mitchell
|
0-0: Called Strike 0-1: Ball 1-1: Called Strike 1-2: Foul Ball, location: 2F 1-2: Foul Ball, location: 2F 1-2: SINGLE (Groundball, 6D, EV 98.1 MPH)
|
|
Batting: SHB Andrew Baron
|
0-0: Called Strike 0-1: Ball Wild Pitch! Jake Mitchell to second 1-1: Ball 2-1: Foul Ball, location: 2F 2-2: Strikes out swinging
|
| Top of the 9th over - 0 runs, 1 hit, 0 errors, 1 left on base; Chicago (APP) 0 - Missoula 26 |
|